[Event "Titled Tuesday Blitz March 29 Late 2022"]
[White "Prohorov, Olexandr"]
[Black "Arabidze, Meri"]
[WhiteFideId "14105578"]
[BlackFideId "13604040"]
[WhiteElo "1993"]
[BlackElo "2335"]
[Result "0-1"]
[Round "06"]
[TimeControl "180+1"]
[Date "2022.03.30"]
[WhiteClock "0:00:04"]
[BlackClock "0:00:17"]

1. e4 c6 2. d4 d5 3. e5 Bf5 4. Nf3 e6 5. Be2 Nd7 6. O-O Ne7 7. Nbd2 Ng6 8. Ne1 c5 9. g4 Be4 10. f3 cxd4 11. fxe4 Ndxe5 12. exd5 Qxd5 13. Ndf3 O-O-O 14. Nxe5 Nxe5 15. Bf4 Bc5 16. Nd3 Nc4 17. Nxc5 Qxc5 18. Bxc4 Qxc4 19. Qd3 Qd5 20. Rae1 f6 21. Bg3 e5 22. Qf5+ Qd7 23. Qe4 h6 24. Rf3 Qd5 25. Qf5+ Qd7 26. Qxd7+ Kxd7 27. Rb3 b6 28. Kg2 Rc8 29. Re2 Rc6 30. Ra3 a5 31. c3 dxc3 32. Rxc3 Rxc3 33. bxc3 Rc8 34. Re3 Rc4 35. h3 Ra4 36. Re2 Kc6 37. Kf3 b5 38. Bf2 Ra3 39. Rc2 b4 40. Be1 Kd5 41. Ke2 bxc3 42. Bxc3 Ke4 43. Bd2 Rxh3 44. Bxa5 Rg3 45. Bb4 Rg2+ 46. Kd1 Rg1+ 47. Kd2 Kd5 48. a4 Rxg4 49. Rb2 Rg2+ 50. Kc1 Rxb2 51. Kxb2 h5 52. Kc2 f5 53. Kd2 g5 54. Ke3 f4+ 55. Kf3 g4+ 56. Kf2 h4 57. a5 e4 58. a6 Kc6 59. Bd6 e3+ 60. Kf1 f3 61. Bf4 e2+ 62. Kf2 g3+ 63. Ke1 Kb6 64. a7 Kxa7 65. Be5 Kb6 66. Bf4 Kc6 67. Bg5 h3 68. Bh4 h2 69. Bxg3 h1=Q+ 70. Kd2 Qd1+ 0-1


[Site "https://www.chess.com"]

[Event "Titled Tuesday Blitz March 29 Late 2022"]
[White "Quintiliano Pinto, Renato R."]
[Black "Gledura, Benjamin"]
[WhiteFideId "2117568"]
[BlackFideId "712779"]
[WhiteElo "2439"]
[BlackElo "2326"]
[Result "1/2-1/2"]
[Round "06"]
[TimeControl "180+1"]
[Date "2022.03.29"]
[WhiteClock "0:00:15"]
[BlackClock "0:00:16"]

1. d4 Nf6 2. c4 d6 3. Nf3 Nbd7 4. Nc3 e5 5. Bg5 Be7 6. e3 O-O 7. Qc2 h6 8. Bh4 c6 9. Bd3 exd4 10. exd4 Nh5 11. Bg3 Nxg3 12. hxg3 Re8 13. O-O-O Nf8 14. Bf5 d5 15. c5 b6 16. cxb6 axb6 17. Ne5 Bd6 18. f4 Qc7 19. Kb1 b5 20. Rc1 Qa7 21. Bxc8 Rexc8 22. Qb3 Qxd4 23. Rhd1 Qf2 24. Ne4 dxe4 25. Qxf7+ Kh8 26. Rxd6 Ra7 27. Qf5 Rca8 28. Rcd1 e3 29. Qe4 e2 30. Rc1 Rxa2 31. Nf7+ Kg8 32. Nxh6+ gxh6 33. Rg6+ Nxg6 34. Qxg6+ Kf8 35. Qf6+ Kg8 36. Qg6+ Kf8 37. Qf6+ Kg8 38. Qg6+ 1/2-1/2


[Site "https://www.chess.com"]

[Event "Titled Tuesday Blitz March 29 Late 2022"]
[White "Rasulov, Vugar"]
[Black "Fedoseev, Vladimir"]
[WhiteFideId "13402390"]
[BlackFideId "24130737"]
[WhiteElo "2560"]
[BlackElo "2726"]
[Result "1-0"]
[Round "06"]
[TimeControl "180+1"]
[Date "2022.03.29"]
[WhiteClock "0:00:40"]
[BlackClock "0:00:02"]

1. d4 Nf6 2. c4 g6 3. Nc3 Bg7 4. e4 d6 5. Nge2 O-O 6. Ng3 c5 7. d5 h5 8. Be2 e6 9. Bg5 Qb6 10. Qd2 Nh7 11. Be3 h4 12. Nf1 f5 13. exf5 exf5 14. O-O-O Nd7 15. Bh6 Ndf6 16. Bxg7 Kxg7 17. g3 h3 18. Ne3 Bd7 19. Bd3 Rae8 20. Rhe1 Qd8 21. f4 a6 22. Kb1 Re7 23. Nc2 Rfe8 24. Bf1 Ne4 25. Nxe4 fxe4 26. Qc3+ Nf6 27. Ne3 b5 28. b3 Kf7 29. Rd2 bxc4 30. Bxc4 a5 31. Rf1 Bf5 32. Bb5 Rh8 33. a4 Ng4 34. Ka2 Nxe3 35. Qxe3 Rb7 36. Qc3 Rf8 37. Re1 Kg8 38. Rde2 Re7 39. Re3 Qa8 40. Ka3 Rff7 41. g4 Bxg4 42. Rxe4 Rxe4 43. Rxe4 Bd7 44. Bxd7 Rxd7 45. Re6 Rg7 46. Qe3 Qxd5 47. Re8+ Kh7 48. Qxh3+ Qh5 49. Qc8 1-0


[Site "https://www.chess.com"]

[Event "Titled Tuesday Blitz March 29 Late 2022"]
[White "Riazantsev, Alexander"]
[Black "Ambartsumova, Karina"]
[WhiteFideId "4125029"]
[BlackFideId "4166299"]
[WhiteElo "2595"]
[BlackElo "2262"]
[Result "1-0"]
[Round "06"]
[TimeControl "180+1"]
[Date "2022.03.29"]
[WhiteClock "0:01:19"]
[BlackClock "0:00:38"]

1. d4 Nf6 2. Nf3 e6 3. c4 d5 4. Bg5 Be7 5. e3 O-O 6. Qc2 h6 7. Bxf6 Bxf6 8. h4 c5 9. g4 g6 10. g5 hxg5 11. hxg5 Bxg5 12. Bd3 Kg7 13. Rg1 dxc4 14. Be4 f5 15. Rxg5 fxe4 16. Qxe4 Qf6 17. Nbd2 Nc6 18. O-O-O Bd7 19. Rdg1 Be8 20. Nh4 Ne7 21. Qxb7 Bf7 22. Ne4 Rab8 23. Qa6 1-0


[Site "https://www.chess.com"]

[Event "Titled Tuesday Blitz March 29 Late 2022"]
[White "Romanchuk, Viktor"]
[Black "Gatterer, Florian"]
[WhiteFideId "14109271"]
[BlackFideId "811688"]
[WhiteElo "2242"]
[BlackElo "2218"]
[Result "1-0"]
[Round "06"]
[TimeControl "180+1"]
[Date "2022.03.30"]
[WhiteClock "0:00:32"]
[BlackClock "0:00:15"]

1. d4 Nf6 2. c4 g6 3. Nc3 Bg7 4. Nf3 d6 5. g3 O-O 6. Bg2 c5 7. O-O Nc6 8. dxc5 dxc5 9. Be3 Nd7 10. Qd2 Nde5 11. Qxd8 Rxd8 12. Nxe5 Nxe5 13. Bxc5 Nxc4 14. Bxe7 Re8 15. Bc5 Nxb2 16. Rac1 Bxc3 17. Rxc3 Na4 18. Re3 Bg4 19. Bxb7 Rxe3 20. Bxe3 Rb8 21. Ba6 Nc3 22. f3 Be6 23. a3 Nd5 24. Bd4 Rb3 25. Ra1 Nb6 26. Kf2 h5 27. a4 Bc8 28. Bd3 Ba6 29. Bxa6 1-0


[Site "https://www.chess.com"]

[Event "Titled Tuesday Blitz March 29 Late 2022"]
[White "Romero Ruscalleda, Josep"]
[Black "Iskusnyh, Sergei"]
[WhiteFideId "2231859"]
[BlackFideId "4120027"]
[WhiteElo "2332"]
[BlackElo "2492"]
[Result "0-1"]
[Round "06"]
[TimeControl "180+1"]
[Date "2022.03.30"]
[WhiteClock "0:00:19"]
[BlackClock "0:00:17"]

1. e4 e6 2. d4 d5 3. e5 c5 4. c3 Nc6 5. Be3 Qb6 6. Qd2 Nh6 7. Nf3 Nf5 8. dxc5 Bxc5 9. Bxc5 Qxc5 10. Bd3 O-O 11. O-O Nfe7 12. Re1 Bd7 13. Qe2 Qb6 14. Nbd2 Ng6 15. Qe3 Qxe3 16. Rxe3 Rfc8 17. g3 Rab8 18. Nb3 b5 19. Bxg6 hxg6 20. Nc5 Be8 21. b4 a5 22. a3 Ra8 23. Rb1 axb4 24. cxb4 Ra7 25. Rbb3 Rca8 26. Kf1 Kf8 27. Ke2 Ke7 28. Kd2 d4 29. Red3 f6 30. exf6+ gxf6 31. Nxd4 Nxd4 32. Rxd4 Rxa3 33. Kc2 e5 34. Rdd3 Ra2+ 35. Rb2 R8a7 36. Nb3 g5 37. Na5 Ra4 38. Kd2 Rc7 39. Rc3 Rxc3 40. Kxc3 Bf7 41. Kd3 f5 42. Ke3 Bd5 43. f3 f4+ 44. gxf4 gxf4+ 45. Kf2 Ra3 46. Re2 Rxf3+ 47. Ke1 Kf6 48. Rd2 Re3+ 49. Kd1 Bf3+ 50. Kc1 Be4 51. Rd6+ Kg5 52. Rb6 f3 53. Kd2 Re2+ 54. Kd1 Bc2+ 55. Kc1 f2 0-1


[Site "https://www.chess.com"]

[Event "Titled Tuesday Blitz March 29 Late 2022"]
[White "Ronka, Erik"]
[Black "Gauri, Shankar"]
[WhiteFideId "505080"]
[BlackFideId "5041350"]
[WhiteElo "2264"]
[BlackElo "2240"]
[Result "1-0"]
[Round "06"]
[TimeControl "180+1"]
[Date "2022.03.30"]
[WhiteClock "0:01:38"]
[BlackClock "0:01:41"]

1. e4 e5 2. Bc4 Nf6 3. d3 c6 4. Nf3 d5 5. Bb3 a5 6. a4 Bb4+ 7. Bd2 O-O 8. Nxe5 Re8 9. f4 Na6 10. O-O Bc5+ 11. Kh1 Rxe5 12. fxe5 Ng4 13. Qe1 Nb4 14. h3 Nxe5 15. exd5 Bd6 16. Bf4 Qc7 17. d4 Ng6 18. Bxd6 Qxd6 19. Qe8+ Nf8 20. Qxf7+ 1-0


[Site "https://www.chess.com"]

[Event "Titled Tuesday Blitz March 29 Late 2022"]
[White "Rozman, Levy"]
[Black "Denishev, Marat"]
[WhiteFideId "2039877"]
[BlackFideId "24131563"]
[WhiteElo "2376"]
[BlackElo "2197"]
[Result "1-0"]
[Round "06"]
[TimeControl "180+1"]
[Date "2022.03.29"]
[WhiteClock "0:01:13"]
[BlackClock "0:00:22"]

1. d4 d5 2. Bg5 Nd7 3. e3 Ngf6 4. Bd3 e6 5. Nd2 c5 6. c3 b6 7. f4 Be7 8. Ngf3 Bb7 9. O-O Ne4 10. Bxe7 Qxe7 11. a4 a6 12. Bxe4 dxe4 13. Ng5 cxd4 14. cxd4 Qb4 15. f5 e5 16. Qh5 g6 17. fxg6 Qxd2 18. g7 Qxe3+ 19. Kh1 O-O-O 20. Nxf7 Rhg8 21. Nxd8 Kxd8 22. Qf7 1-0


[Site "https://www.chess.com"]

[Event "Titled Tuesday Blitz March 29 Late 2022"]
[White "Rudykh, Stepan"]
[Black "Vine, Elzbieta"]
[WhiteFideId "4180321"]
[BlackFideId "1119320"]
[WhiteElo "2206"]
[BlackElo "1834"]
[Result "1-0"]
[Round "06"]
[TimeControl "180+1"]
[Date "2022.03.30"]
[WhiteClock "0:00:25"]
[BlackClock "0:00:01"]

1. e4 c5 2. Nf3 d6 3. d4 cxd4 4. Nxd4 Nf6 5. Nc3 a6 6. Be3 e6 7. f3 Be7 8. Qd2 b5 9. g4 Bb7 10. g5 Nfd7 11. h4 Ne5 12. O-O-O Nbc6 13. f4 Nc4 14. Bxc4 bxc4 15. f5 Nxd4 16. Qxd4 e5 17. Qxc4 Rc8 18. Qb3 Qc7 19. g6 hxg6 20. fxg6 fxg6 21. Bg5 Bxg5+ 22. hxg5 Rh5 23. Qg8+ Kd7 24. Qxg7+ Kc6 25. Qxg6 Rxh1 26. Rxh1 Kb6 27. Rh6 Rd8 28. Qe6 Ka7 29. Nd5 Bxd5 30. Qxd5 Rc8 31. c3 Qb6 32. Rh7+ Kb8 33. Qb3 Qxb3 34. axb3 Rg8 35. Rh5 Kc7 36. Kd2 Kd7 37. Ke3 Ke6 38. Kf3 Kf7 39. Kg4 a5 40. Rh7+ Ke8 41. Ra7 Rg6 42. Rxa5 Ke7 43. Ra7+ Ke6 44. Rh7 1-0


[Site "https://www.chess.com"]

[Event "Titled Tuesday Blitz March 29 Late 2022"]
[White "Rustemov, Alexander"]
[Black "Steinberg, Nitzan"]
[WhiteFideId "4119002"]
[BlackFideId "2801795"]
[WhiteElo "2767"]
[BlackElo "2440"]
[Result "1-0"]
[Round "06"]
[TimeControl "180+1"]
[Date "2022.03.29"]
[WhiteClock "0:00:11"]
[BlackClock "0:00:06"]

1. d4 Nf6 2. c4 e6 3. Nf3 Bb4+ 4. Bd2 a5 5. g3 b6 6. Bg2 Bb7 7. O-O O-O 8. Bf4 Be7 9. Nc3 Ne4 10. Nb5 Na6 11. Qc2 f5 12. a3 Qc8 13. Rac1 Bf6 14. Rfd1 d6 15. h4 Bc6 16. Nd2 Qb7 17. Nxe4 Bxe4 18. Bxe4 fxe4 19. d5 Rae8 20. Qxe4 Bxb2 21. Rb1 Nc5 22. Qc2 Bf6 23. Bxd6 cxd6 24. Nxd6 Qc7 25. Nxe8 Rxe8 26. dxe6 Rxe6 27. Rd5 Ne4 28. Rb3 Nc5 29. Rf3 Qe7 30. e3 Rd6 31. Qf5 Rxd5 32. Qxd5+ Qe6 33. Rf5 Qxd5 34. Rxd5 Be7 35. Kg2 Kf7 36. h5 Ke6 37. f4 g6 38. hxg6 hxg6 39. Kf3 a4 40. Rd2 Nb3 41. Ra2 Kd6 42. g4 Kc5 43. g5 Kxc4 44. e4 Kd3 45. e5 Nd4+ 46. Kg4 b5 47. Rh2 Bxa3 48. Rh3+ Kc4 49. Rxa3 Kb4 50. Re3 a3 51. e6 Nc6 52. e7 Nxe7 53. Rxe7 Kc3 54. Ra7 b4 55. f5 gxf5+ 56. Kxf5 Kb2 57. g6 b3 58. g7 a2 59. g8=Q a1=Q 60. Rxa1 Kxa1 61. Qg1+ Ka2 62. Qa7+ Kb1 63. Ke4 b2 64. Kd3 Kc1 65. Qg1# 1-0


[Site "https://www.chess.com"]

[Event "Titled Tuesday Blitz March 29 Late 2022"]
[White "Samarth, J Rao"]
[Black "Meduri, Aakaash"]
[WhiteFideId "46652370"]
[BlackFideId "2032252"]
[WhiteElo "1514"]
[BlackElo "2096"]
[Result "0-1"]
[Round "06"]
[TimeControl "180+1"]
[Date "2022.03.30"]
[WhiteClock "0:00:05"]
[BlackClock "0:00:09"]

1. c4 c5 2. e3 g6 3. d4 cxd4 4. exd4 Bg7 5. Nf3 d6 6. Nc3 Nf6 7. Bd3 O-O 8. O-O b6 9. Re1 Bb7 10. Bg5 Nbd7 11. Rc1 Rc8 12. b3 h6 13. Bf4 Re8 14. h3 a6 15. Bb1 Qc7 16. d5 Nf8 17. Qd2 Kh7 18. g4 Qd7 19. Kh2 Ng8 20. Be3 b5 21. cxb5 axb5 22. a3 e6 23. Bd4 e5 24. Be3 b4 25. axb4 Ba6 26. g5 h5 27. Qd1 Rb8 28. Nh4 Bc8 29. Qxh5+ Bh6 30. Qf3 Bg7 31. Ne4 Rxb4 32. Nf6+ Bxf6 33. gxf6 Rxh4 34. Rxc8 Rxc8 35. Bg5 Rxh3+ 36. Qxh3+ Qxh3+ 37. Kxh3 Nd7 38. Kg3 Ngxf6 39. Rd1 Rc3+ 40. Kg2 Rxb3 41. Bd3 Kg7 42. Bc4 Rb2 43. Be3 Ng4 44. Ba7 Nb6 45. Bxb6 Rxb6 46. Kg3 Nf6 47. f3 Nd7 48. Ra1 Nc5 49. Ra7 Kf6 50. Rc7 Rb7 51. Rc6 Ke7 52. Rc8 f5 53. Rg8 Kf6 54. Rd8 Rd7 55. Rc8 e4 56. f4 g5 57. fxg5+ Kxg5 58. Rg8+ Kf6 59. Kf4 e3 60. Re8 Re7 61. Rxe7 Kxe7 62. Kxe3 Kf6 63. Kf4 Nd7 64. Bd3 Ne5 65. Bxf5 Nc4 66. Be6 Nb6 67. Ke4 Nc4 68. Kd4 Ne5 69. Bc8 Kg5 70. Ke4 Nc4 71. Kd4 Nd2 72. Bh3 Kf4 73. Bd7 Nf3+ 74. Kc4 Ne5+ 75. Kb5 Nxd7 76. Kc6 Ke5 77. Kxd7 Kxd5 78. Ke7 Ke5 79. Kf7 d5 80. Kg6 d4 81. Kg7 d3 0-1


[Site "https://www.chess.com"]

[Event "Titled Tuesday Blitz March 29 Late 2022"]
[White "Sanchez Alvares, Kelvin Antonio"]
[Black "Rytenko, Vsevolod"]
[WhiteFideId "3906680"]
[BlackFideId "14133040"]
[WhiteElo "2193"]
[BlackElo "2120"]
[Result "1-0"]
[Round "06"]
[TimeControl "180+1"]
[Date "2022.03.30"]
[WhiteClock "0:00:37"]
[BlackClock "0:00:01"]

1. e4 c5 2. Nf3 d6 3. d4 cxd4 4. Nxd4 Nf6 5. f3 g6 6. c4 Bg7 7. Nc3 O-O 8. Be3 Nc6 9. Qd2 e6 10. Nc2 d5 11. cxd5 exd5 12. exd5 Ne5 13. Be2 Bf5 14. Nd4 Bd7 15. O-O Re8 16. Rfd1 Rc8 17. Bf2 Qa5 18. Nb3 Qd8 19. Bf1 Nh5 20. Ne4 f5 21. Nd6 f4 22. Nxe8 Qg5 23. Kh1 Rxe8 24. Nd4 Qh6 25. Ne6 Bf6 26. Kg1 g5 27. Bd4 g4 28. fxg4 Ng3 29. g5 Bxg5 30. Bxe5 Rxe6 31. dxe6 f3 32. exd7 Be3+ 33. Qf2 Bxf2+ 34. Kxf2 Ne4+ 35. Kxf3 Ng5+ 36. Kf2 Qb6+ 37. Bd4 Qc7 38. Bc4+ Kf8 39. Be3 Nh3+ 40. gxh3 Qxh2+ 41. Ke1 Qg3+ 42. Bf2 Qe5+ 43. Be2 Qa5+ 44. Kf1 Qd8 45. Rac1 Ke7 46. Bh4+ 1-0


[Site "https://www.chess.com"]

[Event "Titled Tuesday Blitz March 29 Late 2022"]
[White "Sanchez, Robert"]
[Black "Barbero Sendic, Alejandro"]
[WhiteFideId "2034360"]
[BlackFideId "3001288"]
[WhiteElo "2284"]
[BlackElo "2314"]
[Result "1-0"]
[Round "06"]
[TimeControl "180+1"]
[Date "2022.03.30"]
[WhiteClock "0:00:13"]
[BlackClock "0:00:01"]

1. e4 c5 2. Nf3 Nc6 3. d4 cxd4 4. Nxd4 e5 5. Nb5 d6 6. N1c3 a6 7. Na3 Be7 8. Nc4 b5 9. Ne3 Nf6 10. Ned5 O-O 11. Nxe7+ Qxe7 12. Bg5 Be6 13. Nd5 Bxd5 14. exd5 Nb4 15. c4 bxc4 16. Bxc4 Qc7 17. Rc1 Ne4 18. Be3 f5 19. a3 f4 20. Bd2 Qxc4 21. Rxc4 Nd3+ 22. Ke2 Nxb2 23. Qc2 Nxc4 24. Qxc4 Nf6 25. Rc1 Rae8 26. Bb4 e4 27. Bxd6 f3+ 28. Kf1 Rf7 29. Bg3 Ng4 30. Re1 fxg2+ 31. Kxg2 e3 32. Qxg4 exf2 33. Rxe8+ 1-0


[Site "https://www.chess.com"]

[Event "Titled Tuesday Blitz March 29 Late 2022"]
[White "Sapunov, Evgeny"]
[Black "Sliwicki, Damian"]
[WhiteFideId "4126661"]
[BlackFideId "1127128"]
[WhiteElo "2470"]
[BlackElo "2067"]
[Result "1-0"]
[Round "06"]
[TimeControl "180+1"]
[Date "2022.03.30"]
[WhiteClock "0:01:27"]
[BlackClock "0:00:01"]

1. c4 g6 2. Nf3 c5 3. d4 cxd4 4. Nxd4 Nc6 5. Nc2 Nf6 6. Nc3 Bg7 7. e4 d6 8. Be2 O-O 9. O-O Qa5 10. Bd2 Be6 11. Nd5 Qd8 12. f3 Ne5 13. b3 Rc8 14. Be3 b6 15. Qd2 Nxd5 16. cxd5 Bd7 17. Nd4 f5 18. exf5 Bxf5 19. Rac1 Rxc1 20. Rxc1 Kh8 21. b4 Bd7 22. Nc6 Nxc6 23. dxc6 Bc8 24. a4 d5 25. Rd1 e6 26. b5 Qf6 27. f4 e5 28. fxe5 Qxe5 29. Bd4 Qe7 30. Bxg7+ Kxg7 31. Qd4+ Kh6 32. Bf3 Rxf3 33. gxf3 Bh3 34. Kf2 Qa3 35. Qe3+ Qxe3+ 36. Kxe3 Be6 37. Kf4 Kg7 38. Ke5 Bf5 39. Rxd5 h5 40. c7 Kf7 41. Rd8 Ke7 1-0


[Site "https://www.chess.com"]

[Event "Titled Tuesday Blitz March 29 Late 2022"]
[White "Sarana, Alexey"]
[Black "Paravyan, David"]
[WhiteFideId "24133795"]
[BlackFideId "4194985"]
[WhiteElo "2666"]
[BlackElo "2569"]
[Result "0-1"]
[Round "06"]
[TimeControl "180+1"]
[Date "2022.03.29"]
[WhiteClock "0:00:06"]
[BlackClock "0:00:21"]

1. d4 Nf6 2. c4 g6 3. Nc3 d5 4. cxd5 Nxd5 5. e4 Nxc3 6. bxc3 Bg7 7. Bc4 c5 8. Ne2 O-O 9. Be3 Nc6 10. Rc1 cxd4 11. cxd4 Qa5+ 12. Rc3 Bg4 13. f3 Be6 14. Bxe6 fxe6 15. O-O Qxa2 16. e5 a5 17. Qd3 Nb4 18. Qb5 Nd5 19. Rb3 a4 20. Rb2 Qa3 21. Bd2 Rfc8 22. Rfb1 Kf7 23. Kf1 Rd8 24. Rc2 Rac8 25. Bc1 Ne3+ 26. Bxe3 Rxc2 27. Bg5 h6 28. Qb6 Qd3 29. Qb5 Qxb5 30. Rxb5 hxg5 0-1


[Site "https://www.chess.com"]

[Event "Titled Tuesday Blitz March 29 Late 2022"]
[White "Shimanov, Aleksandr"]
[Black "Harshavardhan G B"]
[WhiteFideId "4198603"]
[BlackFideId "25059009"]
[WhiteElo "2636"]
[BlackElo "1831"]
[Result "1-0"]
[Round "06"]
[TimeControl "180+1"]
[Date "2022.03.29"]
[WhiteClock "0:02:36"]
[BlackClock "0:01:47"]

1. d4 Nf6 2. Nc3 d5 3. Bf4 Nbd7 4. Nb5 e5 5. dxe5 Nh5 6. e3 Nxf4 7. exf4 a6 8. Nc3 c6 9. Nf3 Qb6 10. Rb1 Bb4 11. a3 Bxc3+ 12. bxc3 Qa5 13. Qd2 Nc5 14. Bd3 Bg4 15. Nd4 Qxa3 16. O-O Qa5 17. f5 O-O 18. Qg5 Qxc3 19. f6 1-0


[Site "https://www.chess.com"]

[Event "Titled Tuesday Blitz March 29 Late 2022"]
[White "Shton, Roman"]
[Black "Petesch, Gabriel"]
[WhiteFideId "14137461"]
[BlackFideId "2032465"]
[WhiteElo "2013"]
[BlackElo "2374"]
[Result "0-1"]
[Round "06"]
[TimeControl "180+1"]
[Date "2022.03.30"]
[WhiteClock "0:00:41"]
[BlackClock "0:00:48"]

1. d4 Nf6 2. Nf3 c5 3. d5 e6 4. Nc3 exd5 5. Nxd5 Be7 6. Bf4 Nxd5 7. Qxd5 O-O 8. O-O-O Nc6 9. c3 Qa5 10. e4 d6 11. Bg5 Be6 12. Qd3 c4 13. Qe3 Qxa2 14. Bxe7 Nxe7 15. Rxd6 Qa1+ 16. Kc2 Rfd8 17. e5 Bf5+ 18. Kd2 Qxb2+ 19. Ke1 Nd5 20. Qd4 Rxd6 21. exd6 Re8+ 22. Ne5 Nxc3 23. Bxc4 Qc1+ 0-1


[Site "https://www.chess.com"]

[Event "Titled Tuesday Blitz March 29 Late 2022"]
[White "Sjugirov, Sanan"]
[Black "Yanchenko, Roman"]
[WhiteFideId "4189302"]
[BlackFideId "4137329"]
[WhiteElo "2602"]
[BlackElo "2514"]
[Result "1-0"]
[Round "06"]
[TimeControl "180+1"]
[Date "2022.03.29"]
[WhiteClock "0:00:36"]
[BlackClock "0:00:02"]

1. e4 e6 2. d4 d5 3. e5 c5 4. c3 Qb6 5. Nf3 Bd7 6. Be2 Bb5 7. O-O Bxe2 8. Qxe2 Nc6 9. Rd1 a6 10. Be3 cxd4 11. cxd4 Nge7 12. Nc3 Rc8 13. Rac1 Nf5 14. a3 Be7 15. b4 O-O 16. Na4 Qb5 17. Qxb5 axb5 18. Nc5 Bxc5 19. Rxc5 b6 20. Rcc1 Nxe3 21. fxe3 Ne7 22. Kf2 h5 23. Ke2 Nf5 24. Nd2 Ra8 25. Rc3 Rfc8 26. Rdc1 Rxc3 27. Rxc3 f6 28. Nf3 Kf7 29. g3 Ra7 30. Kf2 Ke7 31. h3 Kd7 32. g4 hxg4 33. hxg4 Nh6 34. Kg3 Nf7 35. Kh4 Ra8 36. Kh5 Nd8 37. Kg6 Nc6 38. Kxg7 fxe5 39. Nxe5+ Nxe5 40. dxe5 Ra7 41. g5 Ra8 42. g6 Rg8+ 43. Kxg8 1-0


[Site "https://www.chess.com"]

[Event "Titled Tuesday Blitz March 29 Late 2022"]
[White "Smirnov, Pavel"]
[Black "Janaszak, Dawid"]
[WhiteFideId "4123425"]
[BlackFideId "1119206"]
[WhiteElo "2545"]
[BlackElo "2199"]
[Result "1-0"]
[Round "06"]
[TimeControl "180+1"]
[Date "2022.03.29"]
[WhiteClock "0:00:17"]
[BlackClock "0:00:02"]

1. e4 c5 2. c3 e5 3. Nf3 Nc6 4. Bc4 Nf6 5. Ng5 d5 6. exd5 Na5 7. Bb5+ Bd7 8. Qe2 Be7 9. O-O O-O 10. Bxd7 Qxd7 11. d3 Nxd5 12. Nf3 f6 13. Be3 Rad8 14. Rd1 Nc6 15. Na3 Rfe8 16. Nc2 Bd6 17. Nd2 b6 18. Nc4 Bc7 19. a4 Nce7 20. Qf3 Ng6 21. h3 Ndf4 22. Bxf4 Nxf4 23. N2e3 Qf7 24. Nf5 Qg6 25. g4 h5 26. Kf1 hxg4 27. Qxg4 Qxg4 28. hxg4 Nxd3 29. Ncd6 Bxd6 30. Rxd3 Bc7 31. Rad1 Rxd3 32. Rxd3 Rd8 33. Ne7+ Kf7 34. Nd5 Bd6 35. Ke2 Ke6 36. Ne3 g6 37. Nc4 Be7 38. Rh3 f5 39. Rh6 Bf6 40. Rxg6 fxg4 41. Rxg4 Rh8 42. b4 cxb4 43. cxb4 Kd5 44. Ne3+ Ke6 45. Rc4 Kd6 46. Nf5+ Kd5 47. Ne3+ Kd6 48. b5 a5 49. Rc6+ Kd7 50. Rxf6 Rh4 51. Nd5 Rxa4 52. Nxb6+ Ke7 53. Nxa4 1-0


[Site "https://www.chess.com"]

[Event "Titled Tuesday Blitz March 29 Late 2022"]
[White "Srinath, Rao S.V."]
[Black "Melikhov, Evgeny V."]
[WhiteFideId "5028876"]
[BlackFideId "4122046"]
[WhiteElo "2181"]
[BlackElo "1945"]
[Result "1-0"]
[Round "06"]
[TimeControl "180+1"]
[Date "2022.03.30"]
[WhiteClock "0:00:22"]
[BlackClock "0:00:11"]

1. e4 e5 2. Nf3 Nc6 3. Bb5 a6 4. Ba4 Nf6 5. O-O Nxe4 6. Re1 Nc5 7. Bxc6 dxc6 8. Nxe5 Be7 9. d4 Ne6 10. c3 O-O 11. Be3 f6 12. Nd3 Rf7 13. Nd2 Bf8 14. Nf3 Qd5 15. Qc2 Qh5 16. Rad1 Ng5 17. Nxg5 fxg5 18. Ne5 Re7 19. Bc1 Be6 20. Rd3 Rae8 21. Rg3 g4 22. b3 Bf5 23. Qe2 Qh4 24. Ba3 Re6 25. Bxf8 Rxf8 26. Qc4 Kh8 27. Nf7+ Rxf7 28. Rxe6 Bxe6 29. Qxe6 Qe7 30. Qxe7 Rxe7 31. Re3 Rxe3 32. fxe3 Kg8 33. e4 Kf7 34. Kf2 Kf6 35. Ke3 g5 36. c4 Ke6 37. b4 h5 38. a4 b6 39. a5 b5 40. d5+ Ke5 41. dxc6 bxc4 42. b5 Kd6 43. bxa6 Kxc6 44. Kd4 1-0


[Site "https://www.chess.com"]

[Event "Titled Tuesday Blitz March 29 Late 2022"]
[White "Szente Varga, Fruzsina"]
[Black "Derraugh, Geordie"]
[WhiteFideId "712264"]
[BlackFideId "2603950"]
[WhiteElo "1994"]
[BlackElo "2116"]
[Result "0-1"]
[Round "06"]
[TimeControl "180+1"]
[Date "2022.03.30"]
[WhiteClock "0:00:28"]
[BlackClock "0:01:35"]

1. e4 e5 2. Nf3 Nc6 3. Nc3 Nf6 4. d4 exd4 5. Nd5 Bc5 6. Bg5 d6 7. Bb5 Bd7 8. O-O a6 9. Bxc6 bxc6 10. Nxf6+ gxf6 11. Bh6 Bg4 12. h3 Bh5 13. Qd3 Rg8 14. Nxd4 Bxd4 15. Qxd4 Bf3 16. g3 Qd7 17. Kh2 Rg6 18. Bf4 Ke7 19. Qe3 Bh5 20. g4 Bxg4 21. hxg4 Rxg4 22. Bg3 Rag8 23. Kg2 h5 24. Kh1 Rxg3 25. Qxg3 Rxg3 26. fxg3 Qh3+ 27. Kg1 Qxg3+ 28. Kh1 Qh4+ 29. Kg1 Qg3+ 30. Kh1 h4 31. Rg1 Qh3# 0-1


[Site "https://www.chess.com"]

[Event "Titled Tuesday Blitz March 29 Late 2022"]
[White "Szpar, Milosz"]
[Black "Ibarra Jerez, Jose Carlos"]
[WhiteFideId "1184989"]
[BlackFideId "2226332"]
[WhiteElo "2447"]
[BlackElo "2626"]
[Result "0-1"]
[Round "06"]
[TimeControl "180+1"]
[Date "2022.03.29"]
[WhiteClock "0:00:34"]
[BlackClock "0:00:37"]

1. e4 c5 2. Nf3 e6 3. d4 cxd4 4. Nxd4 Bc5 5. Be3 Qb6 6. Na3 d5 7. exd5 exd5 8. Nab5 a6 9. Nc3 Nf6 10. Na4 Qa5+ 11. c3 Ba7 12. b4 Qc7 13. Bd3 O-O 14. O-O Ng4 15. g3 Nxe3 16. fxe3 Nd7 17. Qh5 g6 18. Qxd5 Ne5 19. Bc2 Bh3 20. Rf4 Rad8 21. Qe4 Nc4 22. Qf3 Rde8 23. Re1 Bd7 24. h4 Ne5 25. Qf2 h5 26. Rf1 Bh3 27. Re1 b5 28. Nb2 Qxc3 29. Bb3 Bxd4 30. Rxd4 Nf3+ 31. Qxf3 Qxe1+ 32. Kh2 Rxe3 33. Rd1 Qc3 34. Qf2 Bg4 35. Rd2 Rf3 36. Qd4 Qxd4 37. Rxd4 Rf2+ 0-1


[Site "https://www.chess.com"]

[Event "Titled Tuesday Blitz March 29 Late 2022"]
[White "Tarigan, Gilbert Elroy"]
[Black "Bibasa, Bob"]
[WhiteFideId "7108133"]
[BlackFideId "10000240"]
[WhiteElo "1908"]
[BlackElo "2056"]
[Result "1-0"]
[Round "06"]
[TimeControl "180+1"]
[Date "2022.03.30"]
[WhiteClock "0:00:11"]
[BlackClock "0:00:13"]

1. b3 d5 2. Bb2 Bg4 3. h3 Bh5 4. Nf3 Bxf3 5. exf3 e6 6. g3 Nf6 7. Bg2 Bc5 8. d4 Bd6 9. f4 c6 10. Nd2 Nbd7 11. O-O Qc7 12. c4 h6 13. Nf3 O-O 14. Re1 Ne4 15. Ne5 Ndf6 16. c5 Be7 17. Rc1 Rfd8 18. Re2 g6 19. Qe1 Nh7 20. Bxe4 dxe4 21. Rxe4 Nf6 22. Re2 Nd5 23. Qd2 Bf6 24. h4 h5 25. Rce1 Re8 26. Nc4 b6 27. f5 gxf5 28. Qh6 Bg7 29. Qxh5 bxc5 30. dxc5 Bxb2 31. Rxb2 Qe7 32. Ne5 Qf6 33. Rc2 Rac8 34. Rc4 Red8 35. g4 f4 36. g5 Qf5 37. Qg4 Qxg4+ 38. Nxg4 Kg7 39. Kg2 Rh8 40. Rh1 Rh5 41. Ra4 Rc7 42. Ne5 f6 43. Nf3 fxg5 44. hxg5 Rxh1 45. Kxh1 Kg6 46. Re4 Kf5 47. Re5+ Kg4 48. Kg2 Re7 49. g6 Ne3+ 50. fxe3 fxe3 51. Rxe3 Kf4 52. Rd3 Rg7 53. Rd4+ Kf5 54. Nh4+ Ke5 55. Rg4 Kd5 56. Kg3 Kxc5 57. Kf4 Kd5 58. Kg5 Ke5 59. Kh6 Rg8 60. g7 Kf6 61. Kh7 Rxg7+ 62. Rxg7 e5 63. Rxa7 e4 64. Ng2 Kf5 65. Rf7+ Kg4 66. Rf4+ Kg3 67. Rxe4 Kxg2 68. Rc4 Kf3 69. Rxc6 1-0


[Site "https://www.chess.com"]